[ AOE2 MATCH · #504577848 ]
UnrankedLithuanians vs Magyars
Rival team · LOSS
[ REPLAY ANALYSIS · EXTRACTED FROM THE RECORDED GAME ]
Feudal
8:54
Castle
25:10
Imperial
—
| APM avg | 67.0 |
| APM peak | 96 |
| eAPM avg | 27.0 |
| Villagers / military | 59 / 34 |
Focus
⚔️ 32.0% · 🌾 68.0%
Cavalry Archer ×16 · Spearman ×11 · Militia ×4 · Scout Cavalry ×3
Feudal
8:52
Castle
22:39
Imperial
—
| APM avg | 58.2 |
| APM peak | 80 |
| eAPM avg | 22.1 |
| Villagers / military | 52 / 25 |
Focus
⚔️ 36.9% · 🌾 63.1%
Scout Cavalry ×10 · Skirmisher ×5 · Spearman ×4 · Archer ×3 · Knight ×2 · Magyar Huszar ×1
Match map
Initial resources + every placement click. Lines = walls · curves = elevation contours. ◆ gold · ⬟ stone · ● berries · ✦ relic · ◌ wall gap
Your base· Open — 2t gap
asdf's base· Open — 5t gap
Smoothed initial terrain · ◌ = detected wall gap · hover for details
Inputs per minute
— EbolasRider - - asdf
Build order — EbolasRider
First 150 of 196 actions detected
| 0:01 | Create | Villager (Male) |
| 0:01 | Create | Villager (Male) |
| 0:02 | Build | House |
| 0:04 | Build | House |
| 0:06 | Create | Villager (Male) |
| 0:08 | Create | Villager (Male) |
| 0:25 | Create | Villager (Male) |
| 0:27 | Create | Villager (Male) |
| 1:32 | Create | Villager (Male) |
| 1:52 | Create | Villager (Male) |
| 2:10 | Create | Villager (Male) |
| 2:24 | Build | Lumber Camp |
| 2:53 | Create | Villager (Male) |
| 3:21 | Create | Villager (Male) |
| 3:42 | Create | Villager (Male) |
| 4:04 | Build | House |
| 4:07 | Build | House |
| 4:11 | Create | Villager (Male) |
| 5:00 | Create | Villager (Male) |
| 5:16 | Build | Barracks |
| 5:27 | Create | Villager (Male) |
| 5:38 | Create | Villager (Male) |
| 6:16 | Research | Loom |
| 6:22 | Build | House |
| 6:44 | Research | Feudal Age |
| 6:44 | Research | Feudal Age |
| 6:54 | Build | Mining Camp |
| 7:00 | Create | Militia |
| 7:00 | Create | Militia |
| 7:20 | Build | House |
| 7:24 | Build | Palisade Wall |
| 7:42 | Create | Militia |
| 8:01 | Create | Militia |
| 8:28 | Build | Mill |
| 8:34 | Create | Villager (Male) |
| 8:54 | Age | Feudal Age |
| 8:57 | Create | Villager (Male) |
| 9:00 | Research | Man-at-Arms (upgrade) |
| 9:19 | Build | Watch Tower |
| 9:30 | Create | Villager (Male) |
| 9:55 | Build | Watch Tower |
| 10:17 | Create | Villager (Male) |
| 10:18 | Build | Outpost |
| 10:37 | Build | Farm |
| 10:38 | Build | Farm |
| 10:47 | Build | Farm |
| 10:48 | Build | Farm |
| 10:52 | Create | Villager (Male) |
| 11:08 | Build | Palisade Wall |
| 11:11 | Build | Palisade Wall |
| 11:12 | Build | Palisade Wall |
| 11:14 | Build | Palisade Wall |
| 11:18 | Create | Spearman |
| 11:31 | Build | Farm |
| 11:32 | Create | Villager (Male) |
| 11:36 | Build | Palisade Wall |
| 11:38 | Build | Palisade Wall |
| 12:07 | Build | Farm |
| 12:12 | Build | Mining Camp |
| 12:28 | Create | Villager (Male) |
| 12:42 | Build | House |
| 12:46 | Create | Villager (Male) |
| 13:02 | Create | Villager (Male) |
| 13:12 | Create | Spearman |
| 13:25 | Create | Villager (Male) |
| 13:29 | Create | Spearman |
| 14:00 | Create | Villager (Male) |
| 14:07 | Create | Spearman |
| 14:14 | Build | Watch Tower |
| 14:18 | Build | Farm |
| 14:20 | Build | Farm |
| 14:40 | Create | Villager (Male) |
| 14:43 | Create | Villager (Male) |
| 14:54 | Build | Farm |
| 14:55 | Build | Farm |
| 15:05 | Create | Spearman |
| 15:14 | Create | Villager (Male) |
| 15:16 | Create | Spearman |
| 15:19 | Build | House |
| 15:20 | Build | Palisade Wall |
| 15:36 | Create | Villager (Male) |
| 15:44 | Build | Farm |
| 15:45 | Build | Farm |
| 16:05 | Create | Spearman |
| 16:11 | Create | Villager (Male) |
| 16:24 | Create | Villager (Male) |
| 16:27 | Build | House |
| 16:48 | Build | Watch Tower |
| 16:57 | Create | Villager (Male) |
| 17:02 | Build | Lumber Camp |
| 17:14 | Create | Villager (Male) |
| 17:17 | Build | Palisade Wall |
| 17:24 | Build | Palisade Wall |
| 17:25 | Build | Palisade Wall |
| 17:26 | Build | Palisade Wall |
| 17:27 | Research | Double-Bit Axe |
| 17:35 | Create | Villager (Male) |
| 17:45 | Build | Watch Tower |
| 18:09 | Create | Villager (Male) |
| 18:14 | Create | Spearman |
| 18:30 | Create | Villager (Male) |
| 18:54 | Create | Villager (Male) |
| 19:07 | Create | Villager (Male) |
| 19:12 | Build | Stable |
| 19:18 | Create | Villager (Male) |
| 19:31 | Create | Villager (Male) |
| 19:39 | Build | Farm |
| 19:40 | Build | Farm |
| 19:41 | Research | Horse Collar |
| 19:43 | Build | Farm |
| 19:48 | Create | Villager (Male) |
| 20:01 | Build | House |
| 20:04 | Build | Farm |
| 20:05 | Build | Farm |
| 20:06 | Build | Farm |
| 20:06 | Build | Farm |
| 20:07 | Create | Villager (Male) |
| 20:12 | Build | House |
| 20:19 | Create | Scout Cavalry |
| 20:30 | Create | Villager (Male) |
| 20:53 | Build | Farm |
| 20:53 | Build | Farm |
| 21:04 | Build | House |
| 21:19 | Build | Watch Tower |
| 21:25 | Create | Villager (Male) |
| 21:28 | Build | Palisade Wall |
| 21:32 | Build | Palisade Wall |
| 21:35 | Build | Palisade Wall |
| 21:35 | Build | Palisade Wall |
| 21:47 | Build | House |
| 21:56 | Create | Villager (Male) |
| 22:00 | Build | Blacksmith |
| 22:21 | Build | Farm |
| 22:30 | Research | Castle Age |
| 22:30 | Research | Castle Age |
| 23:12 | Build | Palisade Wall |
| 23:16 | Build | Palisade Wall |
| 23:20 | Build | Palisade Wall |
| 23:20 | Build | Palisade Wall |
| 23:30 | Build | Archery Range |
| 23:32 | Create | Scout Cavalry |
| 23:49 | Build | Palisade Gate |
| 23:59 | Create | Spearman |
| 24:16 | Create | Spearman |
| 24:27 | Create | Spearman |
| 24:43 | Build | Archery Range |
| 24:45 | Create | Scout Cavalry |
| 25:10 | Age | Castle Age |
| 25:10 | Build | House |
| 25:15 | Create | Villager (Male) |
Build order — asdf
139 actions detected in the replay
| 0:00 | Create | Villager (Male) |
| 0:00 | Create | Villager (Male) |
| 0:01 | Build | House |
| 0:02 | Build | House |
| 0:02 | Create | Villager (Male) |
| 0:09 | Create | Villager (Male) |
| 1:27 | Create | Villager (Male) |
| 1:51 | Create | Villager (Male) |
| 2:27 | Create | Villager (Male) |
| 2:44 | Create | Villager (Male) |
| 3:06 | Build | Lumber Camp |
| 3:17 | Create | Villager (Male) |
| 3:21 | Create | Villager (Male) |
| 3:37 | Create | Villager (Male) |
| 3:55 | Create | Villager (Male) |
| 4:09 | Build | House |
| 4:25 | Create | Villager (Male) |
| 4:51 | Build | House |
| 5:00 | Create | Villager (Male) |
| 5:32 | Build | Mill |
| 5:38 | Create | Villager (Male) |
| 6:17 | Research | Loom |
| 6:39 | Research | Feudal Age |
| 7:34 | Build | Barracks |
| 7:38 | Build | Barracks |
| 7:55 | Build | Palisade Wall |
| 8:31 | Build | Palisade Wall |
| 8:52 | Age | Feudal Age |
| 8:55 | Build | Stable |
| 8:57 | Create | Villager (Male) |
| 9:03 | Create | Spearman |
| 9:10 | Create | Spearman |
| 9:15 | Create | Villager (Male) |
| 9:33 | Create | Scout Cavalry |
| 9:34 | Create | Scout Cavalry |
| 10:10 | Build | Farm |
| 10:12 | Create | Villager (Male) |
| 10:16 | Build | House |
| 10:28 | Build | Farm |
| 10:33 | Create | Villager (Male) |
| 10:42 | Build | Farm |
| 10:43 | Build | Farm |
| 10:47 | Create | Scout Cavalry |
| 10:56 | Build | House |
| 10:57 | Build | Palisade Wall |
| 10:59 | Create | Villager (Male) |
| 11:20 | Create | Scout Cavalry |
| 11:53 | Create | Villager (Male) |
| 11:55 | Create | Villager (Male) |
| 11:57 | Build | Farm |
| 11:58 | Build | Farm |
| 12:00 | Create | Scout Cavalry |
| 12:04 | Build | Farm |
| 12:06 | Build | Farm |
| 12:07 | Build | Farm |
| 12:17 | Create | Villager (Male) |
| 12:19 | Create | Scout Cavalry |
| 12:34 | Create | Villager (Male) |
| 12:47 | Build | Farm |
| 13:03 | Create | Scout Cavalry |
| 13:20 | Build | Farm |
| 13:21 | Build | Farm |
| 13:59 | Create | Villager (Male) |
| 14:02 | Build | Mining Camp |
| 14:16 | Create | Scout Cavalry |
| 14:37 | Create | Scout Cavalry |
| 14:39 | Create | Villager (Male) |
| 14:42 | Build | Archery Range |
| 14:50 | Create | Villager (Male) |
| 15:05 | Build | Outpost |
| 15:08 | Research | Town Watch |
| 15:30 | Create | Archer |
| 15:34 | Build | Watch Tower |
| 16:02 | Create | Villager (Male) |
| 16:04 | Build | Mining Camp |
| 16:40 | Create | Villager (Male) |
| 16:45 | Build | Market |
| 16:55 | Create | Villager (Male) |
| 17:21 | Create | Archer |
| 17:36 | Create | Spearman |
| 17:44 | Create | Villager (Male) |
| 18:23 | Create | Villager (Male) |
| 18:33 | Build | House |
| 18:41 | Build | Watch Tower |
| 18:49 | Build | House |
| 19:59 | Research | Castle Age |
| 19:59 | Research | Castle Age |
| 20:07 | Create | Archer |
| 20:47 | Create | Scout Cavalry |
| 21:08 | Create | Spearman |
| 21:14 | Build | Palisade Wall |
| 21:15 | Build | Palisade Wall |
| 21:18 | Research | Double-Bit Axe |
| 21:51 | Research | Gold Mining |
| 22:02 | Create | Villager (Male) |
| 22:39 | Age | Castle Age |
| 22:41 | Create | Knight |
| 22:43 | Create | Villager (Male) |
| 22:50 | Create | Knight |
| 23:12 | Create | Villager (Male) |
| 23:24 | Create | Villager (Male) |
| 23:59 | Create | Villager (Male) |
| 24:24 | Create | Villager (Male) |
| 24:42 | Create | Villager (Male) |
| 25:15 | Build | Castle |
| 25:21 | Research | Elite Skirmisher (upgrade) |
| 25:24 | Create | Villager (Male) |
| 25:38 | Create | Villager (Male) |
| 25:59 | Build | Blacksmith |
| 26:00 | Create | Villager (Male) |
| 26:14 | Create | Villager (Male) |
| 26:35 | Create | Skirmisher |
| 26:35 | Create | Skirmisher |
| 26:47 | Create | Villager (Male) |
| 26:52 | Build | Lumber Camp |
| 26:56 | Research | Fletching |
| 26:56 | Research | Fletching |
| 26:56 | Research | Padded Archer Armor |
| 26:57 | Research | Padded Archer Armor |
| 26:57 | Create | Skirmisher |
| 26:58 | Create | Skirmisher |
| 27:23 | Build | Town Center |
| 27:23 | Create | Villager (Male) |
| 27:26 | Build | Palisade Wall |
| 27:34 | Build | House |
| 27:38 | Build | Palisade Wall |
| 27:39 | Create | Villager (Male) |
| 27:51 | Create | Villager (Male) |
| 28:11 | Create | Villager (Male) |
| 28:11 | Create | Villager (Male) |
| 28:17 | Create | Magyar Huszar |
| 28:26 | Create | Villager (Male) |
| 28:27 | Create | Villager (Male) |
| 28:27 | Create | Villager (Male) |
| 28:41 | Create | Skirmisher |
| 28:50 | Build | Mill |
| 28:51 | Build | Farm |
| 28:51 | Build | Farm |
| 28:51 | Build | Farm |
Match timeline
| 5:16 | EbolasRider · first_building Barracks |
| 7:24 | EbolasRider · wall_segment Palisade Wall x1 |
| 7:34 | asdf · first_building Barracks |
| 7:55 | asdf · wall_segment Palisade Wall x7 |
| 8:31 | asdf · wall_segment Palisade Wall x4 |
| 8:52 | asdf · age_up feudal |
| 8:54 | EbolasRider · age_up feudal |
| 8:55 | asdf · first_building Stable |
| 10:57 | asdf · wall_segment Palisade Wall x1 |
| 11:08 | EbolasRider · wall_segment Palisade Wall x1 |
| 11:11 | EbolasRider · wall_segment Palisade Wall x1 |
| 11:12 | EbolasRider · wall_segment Palisade Wall x1 |
| 11:14 | EbolasRider · wall_segment Palisade Wall x1 |
| 11:36 | EbolasRider · wall_segment Palisade Wall x1 |
| 11:38 | EbolasRider · wall_segment Palisade Wall x1 |
| 14:42 | asdf · first_building Archery Range |
| 15:20 | EbolasRider · wall_segment Palisade Wall x1 |
| 17:17 | EbolasRider · wall_segment Palisade Wall x1 |
| 17:24 | EbolasRider · wall_segment Palisade Wall x1 |
| 17:25 | EbolasRider · wall_segment Palisade Wall x1 |
| 17:26 | EbolasRider · wall_segment Palisade Wall x1 |
| 18:21 | asdf · first_market_buy 100 food |
| 19:12 | EbolasRider · first_building Stable |
| 19:35 | asdf · first_market_sell 100 wood |
| 21:14 | asdf · wall_segment Palisade Wall x6 |
| 21:15 | asdf · wall_segment Palisade Wall x11 |
| 21:28 | EbolasRider · wall_segment Palisade Wall x2 |
| 21:32 | EbolasRider · wall_segment Palisade Wall x8 |
| 21:35 | EbolasRider · wall_segment Palisade Wall x7 |
| 21:35 | EbolasRider · wall_segment Palisade Wall x1 |
| 22:39 | asdf · age_up castle |
| 23:12 | EbolasRider · wall_segment Palisade Wall x5 |
| 23:16 | EbolasRider · wall_segment Palisade Wall x4 |
| 23:20 | EbolasRider · wall_segment Palisade Wall x2 |
| 23:20 | EbolasRider · wall_segment Palisade Wall x1 |
| 23:30 | EbolasRider · first_building Archery Range |
| 25:10 | EbolasRider · age_up castle |
| 25:15 | asdf · first_building Castle |
| 25:42 | EbolasRider · wall_segment Palisade Wall x2 |
| 25:44 | EbolasRider · wall_segment Palisade Wall x1 |
| 27:26 | asdf · wall_segment Palisade Wall x1 |
| 27:38 | asdf · wall_segment Palisade Wall x6 |
| 28:24 | EbolasRider · first_building Monastery |
| 29:27 | asdf · resign |
[ AI ANALYSIS · 1 CREDIT ]
What really happened in this match?
Wolo.gg analyzes every decision: build order, eco, micro, common mistakes by bracket. Personalized analysis on WhatsApp or Discord in 30 seconds.
Civ guide
Lithuanians
Perfil
Zaid (EbolasRider)